2863 views
Uploaded 2020-02-08 15:47:36
Game version 1.32 / 1.32.1
36:56 long 4on4 ladder game on (8)Sanctuary_LV
Saved by TIMG4STRok
2863 views
Uploaded 2020-02-08 15:47:36
Game version 1.32 / 1.32.1
36:56 long 4on4 ladder game on (8)Sanctuary_LV


142 units @ 13k
/ 1.3k
496 buildings @ 28k
/ 16.2k



| Orb of Venom | 2 | 650 |
| Staff of Teleportation | 3 | 450 |
| Boots of Speed | 3 | 750 |
| Staff of Sanctuary | 3 | 750 |
| Scroll of Regeneration | 1 | 100 |
| total: | 12 | 2700g |
| Wisp | 35 | 2100 | / | 0 |
| total: | 35 | 2100g | / | 0w |
| Altar of Elders | 1 | 180 | / | 50 |
| Moon Well | 4 | 720 | / | 160 |
| Hunter's Hall | 1 | 210 | / | 100 |
| Tree of Life | 6 | 2040 | / | 1110 |
| Ancient of Wonders | 1 | 90 | / | 30 |
| Tree of Ages | 1 | 320 | / | 180 |
| Tree of Eternity | 1 | 330 | / | 200 |
| total: | 13 | 3240g | / | 1450w |
| 0:01 | Wisp |
| 0:04 | Altar of Elders |
| 0:08 | Wisp |
| 0:16 | Moon Well |
| 0:18 | Wisp |
| 0:30 | Wisp |
| 0:41 | Wisp |
| 1:04 | Wisp |
| 1:06 | Moon Well |
| 1:15 | Wisp |
| 1:25 | Wisp |
| 1:52 | Wisp |
| 2:04 | Wisp |
| 2:22 | Force of Nature |
| 2:28 | Wisp |
| 2:29 | Wisp |
| 2:42 | Wisp |
| 2:52 | Wisp |
| 3:24 | Wisp |
| 3:26 | Wisp |
| 3:53 | Tree of Ages |
| 5:12 | Entangling Roots |
| 6:43 | Tree of Eternity |
| 6:44 | Hunter's Hall |
| 6:49 | Staff of Teleportation |
| 6:49 | Boots of Speed |
| 6:55 | Tree of Life |
| 7:14 | Moon Well |
| 7:28 | Soul Burn |
| 8:11 | Tree of Life |
| 8:59 | Staff of Teleportation |
| 9:04 | Boots of Speed |
| 9:09 | Well Spring |
| 9:10 | Wisp |
| 9:39 | Incinerate |
| 10:00 | Frost Arrows |
| 10:13 | Staff of Teleportation |
| 11:22 | Wisp |
| 11:22 | Wisp |
| 11:23 | Ancient of Wonders |
| 11:33 | Boots of Speed |
| 12:11 | Entangling Roots |
| 13:24 | Nature's Blessing |
| 14:08 | Staff of Sanctuary |
| 14:54 | Wisp |
| 14:54 | Wisp |
| 14:55 | Wisp |
| 14:55 | Wisp |
| 14:55 | Wisp |
| 15:04 | Wisp |
| 15:04 | Wisp |
| 15:04 | Wisp |
| 15:05 | Wisp |
| 16:21 | Staff of Sanctuary |
| 16:36 | Ultravision |
| 17:29 | Soul Burn |
| 17:31 | Forked Lightning |
| 17:51 | Tree of Life |
| 18:17 | Scroll of Regeneration |
| 18:19 | Wisp |
| 18:19 | Wisp |
| 18:26 | Staff of Sanctuary |
| 19:07 | Moon Well |
| 19:39 | Orb of Venom |
| 20:48 | Force of Nature |
| 20:59 | Tree of Life |
| 21:13 | Frost Arrows |
| 21:22 | Tree of Life |
| 22:10 | Orb of Venom |
| 22:58 | Incinerate |
| 23:40 | Wisp |
| 23:40 | Wisp |
| 23:40 | Wisp |
| 23:40 | Wisp |
| 23:40 | Wisp |
| 27:31 | Tree of Life |
| 28:56 | Entangling Roots |
| 30:22 | Forked Lightning |
| 32:17 | Soul Burn |
| 35:14 | Tranquility |
| 35:23 | Frost Arrows |
| Right click | 3081 |
| Select group | 1261 |
| Select | 1122 |
| Resource trade | 209 |
| Assign group | 123 |
| Use ability | 119 |
| Build/train/purchase | 79 |
| Minimap ping | 14 |
| Item give/drop | 6 |
| Misc. action | 1 |



x1)
| Lesser Clarity Potion | 2 | 140 |
| Staff of Sanctuary | 3 | 750 |
| Scroll of Regeneration | 3 | 300 |
| Potion of Mana | 1 | 200 |
| Boots of Speed | 4 | 1000 |
| Staff of Teleportation | 3 | 450 |
| Tome of Retraining | 1 | 300 |
| Healing Salve | 3 | 300 |
| Orb of Lightning | 3 | 1125 |
| total: | 23 | 4565g |
| Peasant | 43 | 3225 | / | 0 |
| Priest | 2 | 270 | / | 20 |
| Goblin Sapper | 1 | 215 | / | 100 |
| Goblin Zeppelin | 1 | 240 | / | 60 |
| total: | 47 | 3950g | / | 180w |
| Scout Tower | 138 | 4140 | / | 2760 |
| Arcane Tower | 8 | 560 | / | 400 |
| Guard Tower | 53 | 3710 | / | 2650 |
| Altar of Kings | 1 | 180 | / | 50 |
| Farm | 4 | 320 | / | 80 |
| Lumber Mill | 1 | 120 | / | 0 |
| Arcane Vault | 3 | 390 | / | 90 |
| Town Hall | 5 | 1925 | / | 1025 |
| Arcane Sanctum | 1 | 150 | / | 140 |
| Keep | 1 | 320 | / | 210 |
| Castle | 1 | 360 | / | 210 |
| total: | 153 | 7225g | / | 4145w |
| 0:01 | Peasant |
| 0:06 | Peasant |
| 0:14 | Altar of Kings |
| 0:15 | Peasant |
| 0:19 | Farm |
| 0:26 | Peasant |
| 0:33 | Lumber Mill |
| 0:40 | Peasant |
| 0:48 | Farm |
| 0:55 | Peasant |
| 1:03 | Scout Tower |
| 1:15 | Scout Tower |
| 1:18 | Peasant |
| 1:32 | Arcane Tower |
| 1:35 | Peasant |
| 1:43 | Peasant |
| 1:58 | Arcane Tower |
| 2:04 | Scout Tower |
| 2:05 | Peasant |
| 2:13 | Summon Water Elemental |
| 2:20 | Peasant |
| 2:23 | Peasant |
| 2:30 | Guard Tower |
| 2:31 | Scout Tower |
| 2:39 | Peasant |
| 2:46 | Improved Masonry |
| 2:55 | Peasant |
| 3:04 | Scout Tower |
| 3:05 | Guard Tower |
| 3:11 | Scout Tower |
| 3:13 | Peasant |
| 3:23 | Peasant |
| 3:35 | Guard Tower |
| 3:35 | Scout Tower |
| 3:38 | Brilliance Aura |
| 3:43 | Keep |
| 3:44 | Guard Tower |
| 3:53 | Scout Tower |
| 4:02 | Guard Tower |
| 4:05 | Scout Tower |
| 4:06 | Scout Tower |
| 4:26 | Guard Tower |
| 4:28 | Scout Tower |
| 4:48 | Scout Tower |
| 5:02 | Guard Tower |
| 5:04 | Arcane Vault |
| 5:05 | Scout Tower |
| 5:05 | Scout Tower |
| 5:23 | Guard Tower |
| 5:43 | Scout Tower |
| 5:44 | Scout Tower |
| 5:50 | Scout Tower |
| 5:55 | Healing Salve |
| 6:13 | Guard Tower |
| 6:27 | Peasant |
| 6:29 | Farm |
| 6:41 | Scout Tower |
| 6:48 | Summon Water Elemental |
| 6:56 | Town Hall |
| 7:01 | Scout Tower |
| 7:01 | Scout Tower |
| 7:06 | Advanced Masonry |
| 7:08 | Guard Tower |
| 7:11 | Guard Tower |
| 7:12 | Scout Tower |
| 7:17 | Scout Tower |
| 7:27 | Peasant |
| 7:29 | Guard Tower |
| 8:00 | Guard Tower |
| 8:01 | Scout Tower |
| 8:07 | Storm Bolt |
| 8:14 | Castle |
| 8:15 | Guard Tower |
| 8:16 | Scout Tower |
| 8:21 | Scout Tower |
| 8:28 | Guard Tower |
| 8:29 | Scout Tower |
| 8:39 | Farm |
| 8:45 | Improved Lumber Harvesting |
| 9:01 | Guard Tower |
| 9:02 | Scout Tower |
| 9:03 | Scout Tower |
| 9:04 | Guard Tower |
| 9:06 | Scout Tower |
| 9:17 | Guard Tower |
| 9:18 | Scout Tower |
| 9:32 | Peasant |
| 9:33 | Peasant |
| 9:33 | Peasant |
| 9:34 | Arcane Tower |
| 9:37 | Guard Tower |
| 9:41 | Scout Tower |
| 9:42 | Guard Tower |
| 9:55 | Guard Tower |
| 9:56 | Scout Tower |
| 9:56 | Scout Tower |
| 10:10 | Boots of Speed |
| 10:15 | Boots of Speed |
| 10:21 | Guard Tower |
| 10:22 | Peasant |
| 10:52 | Bash |
| 11:18 | Town Hall |
| 11:25 | Guard Tower |
| 11:28 | Arcane Vault |
| 11:30 | Scout Tower |
| 11:31 | Scout Tower |
| 11:34 | Arcane Sanctum |
| 11:41 | Imbued Masonry |
| 11:47 | Scout Tower |
| 11:47 | Scout Tower |
| 11:49 | Scout Tower |
| 11:50 | Scout Tower |
| 11:52 | Arcane Vault |
| 11:54 | Peasant |
| 11:58 | Scout Tower |
| 12:01 | Scout Tower |
| 12:01 | Scout Tower |
| 12:05 | Healing Salve |
| 12:10 | Lesser Clarity Potion |
| 12:32 | Goblin Sapper |
| 12:33 | Goblin Zeppelin |
| 12:44 | Guard Tower |
| 13:00 | Peasant |
| 13:08 | Scout Tower |
| 13:10 | Peasant |
| 13:17 | Guard Tower |
| 13:26 | Holy Light |
| 13:29 | Scout Tower |
| 13:42 | Scout Tower |
| 13:42 | Peasant |
| 13:43 | Peasant |
| 13:47 | Magic Sentry |
| 13:48 | Priest |
| 13:50 | Guard Tower |
| 13:58 | Guard Tower |
| 14:02 | Scout Tower |
| 14:02 | Peasant |
| 14:09 | Scout Tower |
| 14:09 | Scout Tower |
| 14:11 | Advanced Lumber Harvesting |
| 14:12 | Peasant |
| 14:14 | Guard Tower |
| 14:18 | Scout Tower |
| 14:19 | Scout Tower |
| 14:21 | Boots of Speed |
| 14:28 | Staff of Teleportation |
| 14:33 | Guard Tower |
| 14:52 | Scout Tower |
| 15:07 | Guard Tower |
| 15:10 | Scout Tower |
| 15:15 | Boots of Speed |
| 15:28 | Guard Tower |
| 15:33 | Town Hall |
| 15:37 | Scout Tower |
| 15:37 | Scout Tower |
| 15:38 | Scout Tower |
| 15:39 | Scout Tower |
| 15:40 | Scout Tower |
| 15:40 | Scout Tower |
| 16:06 | Scout Tower |
| 16:09 | Scout Tower |
| 16:09 | Scout Tower |
| 16:12 | Scout Tower |
| 16:13 | Scout Tower |
| 16:14 | Scout Tower |
| 16:15 | Arcane Tower |
| 16:17 | Arcane Tower |
| 16:33 | Brilliance Aura |
| 16:52 | Priest Adept Training |
| 16:54 | Guard Tower |
| 16:56 | Scout Tower |
| 16:56 | Scout Tower |
| 16:58 | Scout Tower |
| 17:01 | Scout Tower |
| 17:01 | Scout Tower |
| 17:02 | Guard Tower |
| 17:05 | Healing Salve |
| 17:07 | Staff of Teleportation |
| 17:14 | Orb of Lightning |
| 17:18 | Staff of Sanctuary |
| 17:31 | Staff of Sanctuary |
| 17:51 | Guard Tower |
| 17:55 | Scout Tower |
| 17:55 | Scout Tower |
| 17:56 | Scout Tower |
| 18:07 | Priest Master Training |
| 18:11 | Guard Tower |
| 18:14 | Scout Tower |
| 18:14 | Scout Tower |
| 18:16 | Scout Tower |
| 18:28 | Peasant |
| 18:28 | Peasant |
| 18:28 | Peasant |
| 18:30 | Scout Tower |
| 18:31 | Scout Tower |
| 18:38 | Scout Tower |
| 18:38 | Scout Tower |
| 18:45 | Divine Shield |
| 19:07 | Priest |
| 19:09 | Guard Tower |
| 19:11 | Guard Tower |
| 19:35 | Guard Tower |
| 19:40 | Scout Tower |
| 19:41 | Scout Tower |
| 19:43 | Scout Tower |
| 19:43 | Scout Tower |
| 19:44 | Scout Tower |
| 19:45 | Scout Tower |
| 19:45 | Scout Tower |
| 19:46 | Scout Tower |
| 19:47 | Guard Tower |
| 19:49 | Scout Tower |
| 19:50 | Scout Tower |
| 19:50 | Scout Tower |
| 19:52 | Storm Bolt |
| 20:14 | Guard Tower |
| 20:34 | Orb of Lightning |
| 20:44 | Staff of Sanctuary |
| 20:52 | Tome of Retraining |
| 20:52 | Retrain Hero |
| 20:54 | Blizzard |
| 20:54 | Brilliance Aura |
| 20:57 | Staff of Teleportation |
| 21:06 | Guard Tower |
| 21:33 | Peasant |
| 22:09 | Scout Tower |
| 22:10 | Scout Tower |
| 23:12 | Peasant |
| 23:12 | Peasant |
| 23:13 | Peasant |
| 23:27 | Orb of Lightning |
| 23:31 | Guard Tower |
| 23:40 | Scout Tower |
| 23:40 | Scout Tower |
| 23:41 | Scout Tower |
| 23:41 | Scout Tower |
| 23:42 | Scout Tower |
| 23:42 | Scout Tower |
| 23:43 | Scout Tower |
| 23:44 | Scout Tower |
| 23:44 | Scout Tower |
| 23:46 | Scout Tower |
| 23:46 | Scout Tower |
| 24:37 | Guard Tower |
| 24:53 | Guard Tower |
| 25:20 | Arcane Tower |
| 26:46 | Holy Light |
| 27:03 | Blizzard |
| 27:08 | Bash |
| 27:43 | Scroll of Regeneration |
| 27:48 | Peasant |
| 27:48 | Peasant |
| 27:55 | Scout Tower |
| 27:56 | Scout Tower |
| 28:00 | Scout Tower |
| 28:03 | Scout Tower |
| 28:03 | Scout Tower |
| 28:04 | Scout Tower |
| 28:15 | Lesser Clarity Potion |
| 28:18 | Potion of Mana |
| 28:27 | Peasant |
| 28:27 | Peasant |
| 28:29 | Town Hall |
| 29:06 | Guard Tower |
| 29:12 | Scout Tower |
| 29:13 | Scout Tower |
| 29:14 | Scout Tower |
| 29:14 | Scout Tower |
| 29:26 | Scout Tower |
| 29:26 | Scout Tower |
| 29:27 | Scout Tower |
| 29:28 | Guard Tower |
| 29:29 | Scout Tower |
| 29:30 | Scout Tower |
| 29:33 | Scout Tower |
| 29:41 | Arcane Tower |
| 30:04 | Guard Tower |
| 31:02 | Guard Tower |
| 31:22 | Divine Shield |
| 31:54 | Guard Tower |
| 32:07 | Scroll of Regeneration |
| 32:35 | Town Hall |
| 32:48 | Peasant |
| 32:48 | Peasant |
| 32:48 | Peasant |
| 32:51 | Guard Tower |
| 33:04 | Scout Tower |
| 33:05 | Scout Tower |
| 33:18 | Scout Tower |
| 33:19 | Scout Tower |
| 33:19 | Scout Tower |
| 33:19 | Scout Tower |
| 33:24 | Scout Tower |
| 33:28 | Scout Tower |
| 33:28 | Scout Tower |
| 33:30 | Scout Tower |
| 33:31 | Scout Tower |
| 34:06 | Guard Tower |
| 34:08 | Scout Tower |
| 34:09 | Scout Tower |
| 34:10 | Scout Tower |
| 34:12 | Scout Tower |
| 34:12 | Scout Tower |
| 34:35 | Guard Tower |
| 34:38 | Scout Tower |
| 35:08 | Guard Tower |
| 35:09 | Scout Tower |
| 35:09 | Scout Tower |
| 35:34 | Scroll of Regeneration |
| 35:42 | Arcane Tower |
| 36:04 | Brilliance Aura |
| Right click | 2437 |
| Select group | 1230 |
| Select | 679 |
| Assign group | 501 |
| Build/train/purchase | 289 |
| Use ability | 175 |
| Misc. action | 42 |
| Chat | 41 |
| Resource trade | 21 |
| Item give/drop | 14 |
| Remove unit | 3 |
| Minimap ping | 2 |


| Healing Salve | 2 | 200 |
| Orb of Lightning | 2 | 750 |
| Scroll of Speed | 1 | 50 |
| Boots of Speed | 2 | 500 |
| Staff of Teleportation | 2 | 300 |
| Periapt of Vitality | 1 | 325 |
| Staff of Sanctuary | 1 | 250 |
| total: | 11 | 2375g |
| Peon | 16 | 1200 | / | 0 |
| Troll Batrider | 25 | 4000 | / | 1000 |
| Goblin Shredder | 1 | 375 | / | 100 |
| total: | 42 | 5575g | / | 1100w |
| Watch Tower | 26 | 2860 | / | 2080 |
| Altar of Storms | 2 | 360 | / | 100 |
| Orc Burrow | 3 | 480 | / | 120 |
| War Mill | 1 | 205 | / | 0 |
| Voodoo Lounge | 4 | 520 | / | 120 |
| Great Hall | 6 | 2310 | / | 1110 |
| Beastiary | 8 | 1160 | / | 1120 |
| Stronghold | 1 | 315 | / | 190 |
| Fortress | 1 | 325 | / | 190 |
| total: | 50 | 7895g | / | 4650w |
| 0:02 | Peon |
| 0:02 | Peon |
| 0:06 | Altar of Storms |
| 0:18 | Orc Burrow |
| 0:23 | Peon |
| 0:37 | Peon |
| 0:48 | War Mill |
| 0:52 | Peon |
| 1:05 | Voodoo Lounge |
| 1:12 | Peon |
| 1:33 | Orc Burrow |
| 1:36 | Peon |
| 1:48 | Peon |
| 2:02 | Watch Tower |
| 2:05 | Peon |
| 2:07 | Wind Walk |
| 2:16 | Healing Salve |
| 2:24 | Peon |
| 2:36 | Watch Tower |
| 2:39 | Peon |
| 2:56 | Watch Tower |
| 3:07 | Peon |
| 3:39 | Stronghold |
| 4:06 | Watch Tower |
| 4:09 | Watch Tower |
| 4:14 | Voodoo Lounge |
| 4:59 | Watch Tower |
| 5:51 | Watch Tower |
| 5:54 | Watch Tower |
| 5:57 | Orc Burrow |
| 6:08 | Reinforced Defenses |
| 6:19 | Beastiary |
| 6:55 | Watch Tower |
| 7:19 | Beastiary |
| 7:23 | Hex |
| 7:27 | Fortress |
| 7:33 | Troll Batrider |
| 8:08 | Critical Strike |
| 8:10 | Troll Batrider |
| 8:30 | Great Hall |
| 8:32 | Watch Tower |
| 8:44 | Troll Batrider |
| 9:35 | Watch Tower |
| 9:50 | Liquid Fire |
| 10:01 | Watch Tower |
| 10:17 | Troll Batrider |
| 10:19 | Watch Tower |
| 10:21 | Watch Tower |
| 10:35 | Healing Wave |
| 10:41 | Watch Tower |
| 11:00 | Troll Batrider |
| 11:19 | Troll Batrider |
| 11:24 | Beastiary |
| 11:29 | Beastiary |
| 11:43 | Watch Tower |
| 11:50 | Boots of Speed |
| 11:53 | Boots of Speed |
| 12:32 | Troll Batrider |
| 12:56 | Watch Tower |
| 13:04 | Troll Batrider |
| 13:09 | Spiked Barricades |
| 13:10 | Steel Ranged Weapons |
| 13:10 | Steel Armor |
| 13:54 | Wind Walk |
| 14:17 | Watch Tower |
| 15:15 | Healing Wave |
| 15:15 | Hex |
| 15:42 | Watch Tower |
| 15:56 | Voodoo Lounge |
| 16:01 | Troll Batrider |
| 16:08 | Thorium Ranged Weapons |
| 16:08 | Improved Spiked Barricades |
| 16:18 | Orb of Lightning |
| 16:26 | Beastiary |
| 16:33 | Beastiary |
| 16:42 | Troll Batrider |
| 16:49 | Watch Tower |
| 17:24 | Staff of Teleportation |
| 18:00 | Watch Tower |
| 19:55 | Critical Strike |
| 20:18 | Healing Wave |
| 20:34 | Troll Batrider |
| 21:48 | Altar of Storms |
| 22:36 | Watch Tower |
| 23:00 | Great Hall |
| 23:04 | Troll Batrider |
| 23:05 | Troll Batrider |
| 23:36 | Voodoo Lounge |
| 23:38 | Beastiary |
| 23:39 | Beastiary |
| 24:17 | Staff of Teleportation |
| 24:17 | Periapt of Vitality |
| 24:45 | Troll Batrider |
| 25:26 | Staff of Sanctuary |
| 25:54 | Troll Batrider |
| 25:55 | Troll Batrider |
| 25:59 | Goblin Shredder |
| 26:22 | Troll Batrider |
| 26:44 | Peon |
| 26:44 | Peon |
| 26:45 | Peon |
| 26:45 | Peon |
| 27:45 | Watch Tower |
| 28:46 | Wind Walk |
| 28:48 | Troll Batrider |
| 28:49 | Troll Batrider |
| 29:01 | Watch Tower |
| 29:15 | Arcanite Ranged Weapons |
| 29:16 | Thorium Armor |
| 29:27 | Orb of Lightning |
| 30:27 | Troll Batrider |
| 30:28 | Troll Batrider |
| 30:42 | Watch Tower |
| 31:22 | Great Hall |
| 32:33 | Watch Tower |
| 32:34 | Great Hall |
| 32:37 | Great Hall |
| 32:41 | Great Hall |
| 33:34 | Healing Salve |
| 33:39 | Troll Batrider |
| 33:40 | Troll Batrider |
| 34:12 | Big Bad Voodoo |
| 35:21 | Scroll of Speed |
| 36:09 | Bladestorm |
| 36:19 | Troll Batrider |
| 36:21 | Troll Batrider |
| Right click | 2537 |
| Select group | 751 |
| Select | 750 |
| Misc. action | 231 |
| Use ability | 218 |
| Build/train/purchase | 117 |
| Assign group | 35 |
| Minimap ping | 15 |
| Item give/drop | 4 |
| Remove unit | 2 |



| Staff of Sanctuary | 3 | 750 |
| Potion of Healing | 1 | 150 |
| Scroll of Regeneration | 1 | 100 |
| Staff of Teleportation | 3 | 450 |
| Boots of Speed | 4 | 1000 |
| Circlet of Nobility | 4 | 700 |
| Periapt of Vitality | 2 | 650 |
| Orb of Lightning | 2 | 750 |
| total: | 20 | 4550g |
| Peasant | 17 | 1275 | / | 0 |
| Priest | 1 | 135 | / | 10 |
| total: | 18 | 1410g | / | 10w |
| Scout Tower | 269 | 8070 | / | 5380 |
| Arcane Tower | 10 | 700 | / | 500 |
| Guard Tower | 89 | 6230 | / | 4450 |
| Altar of Kings | 1 | 180 | / | 50 |
| Farm | 4 | 320 | / | 80 |
| Lumber Mill | 1 | 120 | / | 0 |
| Town Hall | 1 | 385 | / | 205 |
| Arcane Vault | 3 | 390 | / | 90 |
| Arcane Sanctum | 1 | 150 | / | 140 |
| Keep | 1 | 320 | / | 210 |
| Castle | 1 | 360 | / | 210 |
| total: | 280 | 9615g | / | 5945w |
| 0:05 | Peasant |
| 0:05 | Peasant |
| 0:10 | Peasant |
| 0:10 | Peasant |
| 0:13 | Altar of Kings |
| 0:17 | Farm |
| 0:35 | Scout Tower |
| 0:39 | Peasant |
| 0:46 | Peasant |
| 0:56 | Farm |
| 1:08 | Peasant |
| 1:08 | Peasant |
| 1:16 | Arcane Tower |
| 1:21 | Lumber Mill |
| 1:32 | Peasant |
| 1:44 | Scout Tower |
| 1:48 | Peasant |
| 1:49 | Peasant |
| 1:54 | Farm |
| 2:03 | Scout Tower |
| 2:05 | Peasant |
| 2:12 | Scout Tower |
| 2:21 | Blizzard |
| 2:32 | Guard Tower |
| 2:34 | Scout Tower |
| 2:36 | Peasant |
| 2:36 | Peasant |
| 2:39 | Scout Tower |
| 2:40 | Scout Tower |
| 2:43 | Arcane Tower |
| 2:44 | Scout Tower |
| 2:45 | Scout Tower |
| 2:50 | Scout Tower |
| 2:55 | Peasant |
| 3:02 | Guard Tower |
| 3:11 | Arcane Tower |
| 3:12 | Guard Tower |
| 3:15 | Guard Tower |
| 3:16 | Scout Tower |
| 3:19 | Guard Tower |
| 3:21 | Scout Tower |
| 3:23 | Scout Tower |
| 3:36 | Peasant |
| 3:36 | Peasant |
| 4:00 | Guard Tower |
| 4:14 | Scout Tower |
| 4:16 | Scout Tower |
| 4:35 | Brilliance Aura |
| 4:47 | Guard Tower |
| 4:49 | Keep |
| 4:54 | Town Hall |
| 4:59 | Scout Tower |
| 5:00 | Scout Tower |
| 5:01 | Scout Tower |
| 5:02 | Scout Tower |
| 5:03 | Scout Tower |
| 5:04 | Scout Tower |
| 5:04 | Scout Tower |
| 5:05 | Scout Tower |
| 5:06 | Scout Tower |
| 5:16 | Guard Tower |
| 5:17 | Scout Tower |
| 5:17 | Scout Tower |
| 5:20 | Guard Tower |
| 5:22 | Scout Tower |
| 5:25 | Guard Tower |
| 5:27 | Guard Tower |
| 5:35 | Arcane Tower |
| 5:35 | Guard Tower |
| 5:36 | Guard Tower |
| 5:38 | Guard Tower |
| 5:46 | Farm |
| 5:53 | Guard Tower |
| 5:55 | Scout Tower |
| 6:03 | Staff of Teleportation |
| 6:03 | Boots of Speed |
| 6:03 | Circlet of Nobility |
| 6:16 | Guard Tower |
| 6:17 | Scout Tower |
| 6:18 | Scout Tower |
| 6:59 | Blizzard |
| 7:03 | Guard Tower |
| 7:05 | Scout Tower |
| 7:06 | Scout Tower |
| 7:07 | Scout Tower |
| 7:12 | Castle |
| 7:47 | Guard Tower |
| 7:48 | Scout Tower |
| 7:49 | Scout Tower |
| 8:11 | Periapt of Vitality |
| 8:12 | Staff of Teleportation |
| 8:15 | Guard Tower |
| 8:33 | Arcane Sanctum |
| 8:39 | Arcane Vault |
| 8:40 | Arcane Vault |
| 8:41 | Arcane Vault |
| 8:42 | Guard Tower |
| 8:44 | Scout Tower |
| 8:45 | Scout Tower |
| 8:45 | Scout Tower |
| 8:50 | Scout Tower |
| 8:52 | Guard Tower |
| 8:54 | Scout Tower |
| 8:57 | Scout Tower |
| 8:59 | Scout Tower |
| 9:00 | Scout Tower |
| 9:04 | Storm Bolt |
| 9:20 | Circlet of Nobility |
| 9:21 | Boots of Speed |
| 9:22 | Boots of Speed |
| 9:30 | Improved Masonry |
| 9:36 | Guard Tower |
| 10:02 | Scout Tower |
| 10:02 | Scout Tower |
| 10:03 | Scout Tower |
| 10:06 | Scout Tower |
| 10:06 | Scout Tower |
| 10:07 | Scout Tower |
| 10:10 | Scout Tower |
| 10:11 | Scout Tower |
| 10:12 | Scout Tower |
| 10:14 | Guard Tower |
| 10:16 | Magic Sentry |
| 10:42 | Holy Light |
| 10:44 | Guard Tower |
| 10:48 | Staff of Sanctuary |
| 10:52 | Scout Tower |
| 10:54 | Scout Tower |
| 10:58 | Staff of Sanctuary |
| 10:59 | Staff of Sanctuary |
| 11:11 | Guard Tower |
| 11:18 | Scout Tower |
| 11:19 | Scout Tower |
| 11:20 | Scout Tower |
| 11:21 | Scout Tower |
| 11:22 | Scout Tower |
| 11:23 | Scout Tower |
| 11:24 | Scout Tower |
| 11:24 | Scout Tower |
| 11:26 | Scout Tower |
| 11:26 | Scout Tower |
| 11:31 | Guard Tower |
| 11:32 | Guard Tower |
| 11:34 | Scout Tower |
| 11:35 | Scout Tower |
| 11:35 | Scout Tower |
| 11:36 | Scout Tower |
| 11:40 | Guard Tower |
| 11:42 | Scout Tower |
| 11:43 | Scout Tower |
| 11:43 | Scout Tower |
| 11:43 | Scout Tower |
| 11:44 | Scout Tower |
| 11:45 | Scout Tower |
| 12:29 | Scout Tower |
| 12:30 | Scout Tower |
| 12:31 | Guard Tower |
| 12:34 | Arcane Tower |
| 12:37 | Scout Tower |
| 12:38 | Scout Tower |
| 12:39 | Scout Tower |
| 12:43 | Scout Tower |
| 12:43 | Scout Tower |
| 12:44 | Guard Tower |
| 12:45 | Guard Tower |
| 12:49 | Staff of Teleportation |
| 12:51 | Boots of Speed |
| 12:51 | Circlet of Nobility |
| 12:58 | Periapt of Vitality |
| 13:11 | Brilliance Aura |
| 13:23 | Advanced Masonry |
| 13:57 | Bash |
| 14:45 | Guard Tower |
| 14:46 | Scout Tower |
| 14:47 | Scout Tower |
| 14:56 | Guard Tower |
| 15:04 | Scout Tower |
| 15:04 | Scout Tower |
| 15:05 | Scout Tower |
| 15:05 | Scout Tower |
| 15:06 | Scout Tower |
| 15:06 | Scout Tower |
| 15:07 | Scout Tower |
| 15:08 | Scout Tower |
| 15:09 | Scout Tower |
| 15:10 | Scout Tower |
| 15:29 | Divine Shield |
| 15:46 | Guard Tower |
| 15:49 | Scout Tower |
| 15:51 | Scout Tower |
| 15:53 | Scout Tower |
| 15:54 | Scout Tower |
| 15:55 | Scout Tower |
| 15:56 | Scout Tower |
| 15:56 | Scout Tower |
| 16:00 | Arcane Tower |
| 16:02 | Arcane Tower |
| 16:04 | Scout Tower |
| 16:05 | Scout Tower |
| 16:05 | Scout Tower |
| 16:06 | Scout Tower |
| 16:06 | Scout Tower |
| 16:07 | Scout Tower |
| 16:12 | Scout Tower |
| 16:13 | Scout Tower |
| 16:14 | Scout Tower |
| 16:15 | Scout Tower |
| 16:16 | Scout Tower |
| 16:16 | Scout Tower |
| 16:17 | Scout Tower |
| 16:19 | Guard Tower |
| 16:24 | Guard Tower |
| 16:26 | Guard Tower |
| 16:27 | Guard Tower |
| 16:29 | Scout Tower |
| 16:30 | Scout Tower |
| 16:31 | Scout Tower |
| 16:32 | Scout Tower |
| 16:34 | Scout Tower |
| 16:34 | Scout Tower |
| 16:37 | Scout Tower |
| 16:39 | Scout Tower |
| 16:39 | Scout Tower |
| 16:40 | Scout Tower |
| 16:40 | Scout Tower |
| 16:41 | Scout Tower |
| 16:41 | Scout Tower |
| 16:50 | Guard Tower |
| 16:52 | Guard Tower |
| 16:54 | Scout Tower |
| 16:54 | Scout Tower |
| 16:57 | Scout Tower |
| 17:00 | Arcane Tower |
| 17:01 | Guard Tower |
| 17:11 | Imbued Masonry |
| 17:16 | Scout Tower |
| 17:16 | Scout Tower |
| 17:17 | Scout Tower |
| 17:18 | Guard Tower |
| 17:21 | Guard Tower |
| 17:26 | Scout Tower |
| 17:27 | Scout Tower |
| 17:28 | Scout Tower |
| 18:09 | Arcane Tower |
| 18:14 | Guard Tower |
| 18:23 | Guard Tower |
| 18:27 | Scout Tower |
| 18:28 | Scout Tower |
| 18:28 | Scout Tower |
| 18:47 | Storm Bolt |
| 18:53 | Scout Tower |
| 18:56 | Scout Tower |
| 18:57 | Guard Tower |
| 19:14 | Arcane Tower |
| 19:17 | Guard Tower |
| 19:32 | Guard Tower |
| 19:33 | Scout Tower |
| 19:34 | Scout Tower |
| 19:34 | Scout Tower |
| 19:35 | Scout Tower |
| 19:35 | Scout Tower |
| 19:35 | Scout Tower |
| 19:58 | Holy Light |
| 20:31 | Guard Tower |
| 20:34 | Scout Tower |
| 20:35 | Scout Tower |
| 20:38 | Guard Tower |
| 20:40 | Scout Tower |
| 20:40 | Scout Tower |
| 21:04 | Guard Tower |
| 21:07 | Priest |
| 21:08 | Priest Adept Training |
| 21:13 | Scout Tower |
| 21:14 | Scout Tower |
| 21:14 | Scout Tower |
| 21:15 | Scout Tower |
| 21:15 | Scout Tower |
| 21:16 | Scout Tower |
| 21:16 | Scout Tower |
| 21:17 | Scout Tower |
| 21:17 | Scout Tower |
| 21:18 | Scout Tower |
| 21:24 | Scout Tower |
| 21:24 | Scout Tower |
| 21:25 | Scout Tower |
| 21:26 | Scout Tower |
| 21:27 | Guard Tower |
| 21:28 | Guard Tower |
| 21:36 | Potion of Healing |
| 21:38 | Scroll of Regeneration |
| 21:43 | Scout Tower |
| 21:44 | Scout Tower |
| 21:44 | Scout Tower |
| 21:45 | Scout Tower |
| 21:46 | Scout Tower |
| 21:54 | Orb of Lightning |
| 21:56 | Guard Tower |
| 22:01 | Guard Tower |
| 22:03 | Scout Tower |
| 22:04 | Scout Tower |
| 22:05 | Scout Tower |
| 22:05 | Scout Tower |
| 22:06 | Scout Tower |
| 22:08 | Guard Tower |
| 22:10 | Scout Tower |
| 22:12 | Scout Tower |
| 22:12 | Scout Tower |
| 22:13 | Scout Tower |
| 22:15 | Guard Tower |
| 22:18 | Guard Tower |
| 23:33 | Guard Tower |
| 23:35 | Guard Tower |
| 23:37 | Guard Tower |
| 23:40 | Guard Tower |
| 23:42 | Scout Tower |
| 23:43 | Scout Tower |
| 23:44 | Scout Tower |
| 23:44 | Scout Tower |
| 23:49 | Blizzard |
| 23:55 | Guard Tower |
| 23:57 | Scout Tower |
| 23:57 | Scout Tower |
| 23:59 | Scout Tower |
| 24:01 | Scout Tower |
| 24:01 | Scout Tower |
| 24:02 | Scout Tower |
| 24:52 | Guard Tower |
| 24:54 | Scout Tower |
| 24:55 | Scout Tower |
| 24:56 | Scout Tower |
| 24:59 | Guard Tower |
| 25:02 | Guard Tower |
| 25:09 | Orb of Lightning |
| 25:25 | Circlet of Nobility |
| 26:35 | Bash |
| 27:07 | Guard Tower |
| 27:08 | Scout Tower |
| 27:08 | Scout Tower |
| 27:10 | Scout Tower |
| 27:10 | Scout Tower |
| 27:11 | Scout Tower |
| 27:37 | Guard Tower |
| 27:40 | Scout Tower |
| 27:41 | Scout Tower |
| 27:41 | Scout Tower |
| 27:42 | Scout Tower |
| 27:42 | Scout Tower |
| 27:44 | Scout Tower |
| 27:45 | Scout Tower |
| 27:45 | Scout Tower |
| 27:47 | Guard Tower |
| 27:49 | Scout Tower |
| 27:50 | Scout Tower |
| 27:50 | Scout Tower |
| 27:51 | Scout Tower |
| 27:52 | Scout Tower |
| 27:54 | Guard Tower |
| 27:55 | Scout Tower |
| 27:56 | Scout Tower |
| 27:56 | Scout Tower |
| 27:57 | Scout Tower |
| 27:59 | Scout Tower |
| 28:00 | Scout Tower |
| 28:05 | Priest Master Training |
| 28:13 | Scout Tower |
| 28:15 | Scout Tower |
| 28:15 | Scout Tower |
| 28:16 | Scout Tower |
| 28:16 | Scout Tower |
| 28:29 | Scout Tower |
| 28:30 | Scout Tower |
| 28:34 | Scout Tower |
| 28:36 | Scout Tower |
| 28:37 | Scout Tower |
| 28:37 | Scout Tower |
| 28:46 | Guard Tower |
| 29:07 | Guard Tower |
| 29:14 | Devotion Aura |
| 29:54 | Guard Tower |
| 29:55 | Guard Tower |
| 29:57 | Guard Tower |
| 29:59 | Scout Tower |
| 30:00 | Scout Tower |
| 30:01 | Scout Tower |
| 30:01 | Scout Tower |
| 30:06 | Guard Tower |
| 30:10 | Scout Tower |
| 30:11 | Scout Tower |
| 30:13 | Scout Tower |
| 30:19 | Guard Tower |
| 30:21 | Scout Tower |
| 30:22 | Scout Tower |
| 30:22 | Scout Tower |
| 31:14 | Guard Tower |
| 31:25 | Guard Tower |
| 31:28 | Scout Tower |
| 31:29 | Scout Tower |
| 31:29 | Scout Tower |
| 31:30 | Guard Tower |
| 32:03 | Brilliance Aura |
| 32:07 | Storm Bolt |
| 33:36 | Scout Tower |
| 33:37 | Scout Tower |
| 33:38 | Scout Tower |
| 33:41 | Scout Tower |
| 33:41 | Scout Tower |
| 33:43 | Guard Tower |
| 33:45 | Scout Tower |
| 33:45 | Scout Tower |
| 33:46 | Scout Tower |
| 33:46 | Scout Tower |
| 33:47 | Scout Tower |
| 33:51 | Scout Tower |
| 33:52 | Scout Tower |
| 33:53 | Scout Tower |
| 33:55 | Scout Tower |
| 33:56 | Scout Tower |
| 33:57 | Scout Tower |
| 33:58 | Scout Tower |
| 33:58 | Scout Tower |
| 34:17 | Guard Tower |
| 34:58 | Guard Tower |
| 35:00 | Guard Tower |
| 35:02 | Scout Tower |
| 35:03 | Scout Tower |
| 35:04 | Scout Tower |
| 35:34 | Guard Tower |
| 35:35 | Scout Tower |
| 35:44 | Guard Tower |
| 35:45 | Scout Tower |
| 35:46 | Scout Tower |
| 35:46 | Scout Tower |
| 35:47 | Scout Tower |
| 35:47 | Scout Tower |
| 35:48 | Scout Tower |
| 35:49 | Scout Tower |
| 35:49 | Scout Tower |
| 36:11 | Holy Light |
| 36:47 | Mass Teleport |
| Right click | 2646 |
| Select group | 2310 |
| Select | 449 |
| Build/train/purchase | 334 |
| Use ability | 203 |
| Misc. action | 117 |
| Minimap ping | 39 |
| Chat | 39 |
| Assign group | 14 |
| Item give/drop | 14 |
| Esc | 6 |
228 units @ 43k
/ 8.2k
96 buildings @ 12.8k
/ 5.6k



| Rod of Necromancy | 2 | 300 |
| Sacrificial Skull | 1 | 50 |
| Potion of Healing | 3 | 450 |
| Orb of Corruption | 1 | 375 |
| Scroll of Town Portal | 5 | 1750 |
| Potion of Lesser Invulnerability | 1 | 150 |
| Orb of Fire | 1 | 325 |
| total: | 14 | 3400g |
| Acolyte | 9 | 675 | / | 0 |
| Ghoul | 5 | 600 | / | 0 |
| Crypt Fiend | 14 | 3010 | / | 560 |
| Obsidian Statue | 5 | 1000 | / | 175 |
| Banshee | 10 | 1550 | / | 300 |
| Abomination | 17 | 4080 | / | 1190 |
| Necromancer | 2 | 290 | / | 40 |
| Goblin Shredder | 1 | 375 | / | 100 |
| total: | 63 | 11580g | / | 2365w |
| Nerubian Tower | 1 | 100 | / | 20 |
| Spirit Tower | 2 | 290 | / | 80 |
| Graveyard | 2 | 430 | / | 0 |
| Crypt | 1 | 200 | / | 50 |
| Altar of Darkness | 1 | 180 | / | 50 |
| Ziggurat | 7 | 1050 | / | 350 |
| Tomb of Relics | 1 | 130 | / | 30 |
| Necropolis | 1 | 225 | / | 0 |
| Slaughterhouse | 1 | 140 | / | 135 |
| Temple of the Damned | 1 | 155 | / | 140 |
| Halls of the Dead | 1 | 320 | / | 210 |
| Black Citadel | 1 | 325 | / | 230 |
| total: | 15 | 2510g | / | 755w |
| 0:05 | Acolyte |
| 0:18 | Acolyte |
| 0:33 | Graveyard |
| 0:35 | Graveyard |
| 0:37 | Crypt |
| 0:42 | Altar of Darkness |
| 0:58 | Ziggurat |
| 1:37 | Tomb of Relics |
| 1:40 | Ghoul |
| 1:53 | Ghoul |
| 2:07 | Ziggurat |
| 2:14 | Crypt Fiend |
| 2:47 | Rod of Necromancy |
| 2:49 | Sacrificial Skull |
| 2:53 | Carrion Swarm |
| 3:01 | Crypt Fiend |
| 3:18 | Crypt Fiend |
| 3:50 | Acolyte |
| 4:11 | Vampiric Aura |
| 4:16 | Acolyte |
| 4:17 | Acolyte |
| 4:33 | Acolyte |
| 4:33 | Acolyte |
| 4:35 | Ziggurat |
| 4:41 | Ghoul |
| 4:50 | Necropolis |
| 5:46 | Carrion Swarm |
| 6:00 | Ziggurat |
| 6:00 | Ziggurat |
| 6:10 | Halls of the Dead |
| 6:37 | Acolyte |
| 6:38 | Acolyte |
| 6:41 | Ziggurat |
| 6:44 | Creature Attack |
| 6:44 | Unholy Strength |
| 6:54 | Crypt Fiend |
| 7:01 | Nerubian Tower |
| 7:02 | Spirit Tower |
| 7:10 | Rod of Necromancy |
| 8:11 | Vampiric Aura |
| 8:15 | Spirit Tower |
| 8:19 | Crypt Fiend |
| 8:26 | Ziggurat |
| 8:31 | Potion of Healing |
| 8:33 | Slaughterhouse |
| 8:36 | Temple of the Damned |
| 8:39 | Burrow |
| 8:44 | Improved Creature Attack |
| 8:45 | Unholy Armor |
| 8:58 | Ghoul |
| 8:59 | Ghoul |
| 9:05 | Web |
| 9:16 | Goblin Shredder |
| 9:37 | Death Coil |
| 10:07 | Black Citadel |
| 10:14 | Obsidian Statue |
| 10:30 | Obsidian Statue |
| 10:31 | Banshee |
| 10:31 | Banshee |
| 10:37 | Creature Carapace |
| 11:21 | Banshee Adept Training |
| 11:22 | Banshee |
| 11:41 | Obsidian Statue |
| 11:43 | Necromancer Adept Training |
| 11:46 | Improved Unholy Armor |
| 12:03 | Unholy Aura |
| 12:40 | Abomination |
| 12:46 | Necromancer |
| 12:48 | Disease Cloud |
| 12:51 | Improved Unholy Strength |
| 13:37 | Abomination |
| 13:39 | Advanced Unholy Armor |
| 14:09 | Abomination |
| 14:10 | Abomination |
| 14:46 | Banshee |
| 15:06 | Necromancer Master Training |
| 15:06 | Necromancer |
| 15:08 | Crypt Fiend |
| 15:08 | Crypt Fiend |
| 15:12 | Potion of Healing |
| 15:17 | Scroll of Town Portal |
| 15:26 | Destroyer Form |
| 15:31 | Advanced Creature Attack |
| 15:41 | Crypt Fiend |
| 15:42 | Abomination |
| 15:43 | Banshee |
| 16:08 | Howl of Terror |
| 16:20 | Abomination |
| 16:21 | Crypt Fiend |
| 16:27 | Orb of Fire |
| 16:44 | Crypt Fiend |
| 17:50 | Death Coil |
| 18:28 | Advanced Unholy Strength |
| 18:53 | Abomination |
| 19:11 | Abomination |
| 19:32 | Improved Creature Carapace |
| 19:51 | Banshee |
| 19:54 | Scroll of Town Portal |
| 19:55 | Potion of Lesser Invulnerability |
| 20:33 | Cleaving Attack |
| 20:34 | Carrion Swarm |
| 21:40 | Abomination |
| 21:41 | Banshee |
| 22:02 | Crypt Fiend |
| 22:03 | Abomination |
| 22:32 | Abomination |
| 22:33 | Banshee |
| 23:02 | Scroll of Town Portal |
| 23:26 | Orb of Corruption |
| 24:00 | Obsidian Statue |
| 26:03 | Obsidian Statue |
| 27:02 | Howl of Terror |
| 27:16 | Banshee |
| 27:16 | Banshee |
| 27:18 | Abomination |
| 27:18 | Abomination |
| 27:39 | Scroll of Town Portal |
| 27:46 | Crypt Fiend |
| 27:48 | Abomination |
| 28:13 | Crypt Fiend |
| 28:13 | Abomination |
| 28:53 | Crypt Fiend |
| 28:54 | Abomination |
| 29:20 | Unholy Aura |
| 30:45 | Potion of Healing |
| 30:46 | Scroll of Town Portal |
| 30:51 | Abomination |
| Right click | 1901 |
| Select group | 1159 |
| Select | 806 |
| Misc. action | 166 |
| Build/train/purchase | 161 |
| Use ability | 140 |
| Assign group | 69 |
| Item give/drop | 7 |
| Resource trade | 6 |
| Remove unit | 5 |
| Minimap ping | 4 |
| Esc | 3 |

| Acolyte | 10 | 750 | / | 0 |
| Ghoul | 2 | 240 | / | 0 |
| Crypt Fiend | 21 | 4515 | / | 840 |
| Banshee | 5 | 775 | / | 150 |
| Gargoyle | 21 | 3675 | / | 630 |
| Meat Wagon | 10 | 2300 | / | 500 |
| Frost Wyrm | 5 | 1925 | / | 600 |
| total: | 74 | 14180g | / | 2720w |
| Spirit Tower | 5 | 725 | / | 200 |
| Graveyard | 1 | 215 | / | 0 |
| Altar of Darkness | 1 | 180 | / | 50 |
| Crypt | 2 | 400 | / | 100 |
| Ziggurat | 10 | 1500 | / | 500 |
| Tomb of Relics | 1 | 130 | / | 30 |
| Temple of the Damned | 1 | 155 | / | 140 |
| Sacrificial Pit | 1 | 75 | / | 150 |
| Slaughterhouse | 1 | 140 | / | 135 |
| Boneyard | 1 | 175 | / | 200 |
| Halls of the Dead | 1 | 320 | / | 210 |
| Black Citadel | 1 | 325 | / | 230 |
| total: | 19 | 2970g | / | 1305w |
| 0:09 | Acolyte |
| 0:10 | Acolyte |
| 0:33 | Graveyard |
| 0:41 | Altar of Darkness |
| 0:47 | Crypt |
| 1:04 | Ziggurat |
| 1:58 | Ghoul |
| 1:59 | Ghoul |
| 2:12 | Ziggurat |
| 2:21 | Ziggurat |
| 2:30 | Tomb of Relics |
| 2:40 | Crypt Fiend |
| 3:05 | Vampiric Aura |
| 3:14 | Crypt Fiend |
| 3:44 | Spirit Tower |
| 3:53 | Acolyte |
| 3:53 | Acolyte |
| 3:59 | Crypt Fiend |
| 5:01 | Ziggurat |
| 5:24 | Halls of the Dead |
| 5:27 | Crypt Fiend |
| 5:27 | Crypt Fiend |
| 5:47 | Creature Attack |
| 5:56 | Sleep |
| 6:38 | Spirit Tower |
| 6:41 | Creature Carapace |
| 6:46 | Crypt Fiend |
| 7:13 | Ziggurat |
| 8:01 | Crypt |
| 8:15 | Burrow |
| 9:10 | Acolyte |
| 9:10 | Acolyte |
| 9:10 | Acolyte |
| 9:11 | Acolyte |
| 9:11 | Acolyte |
| 9:19 | Vampiric Aura |
| 9:39 | Web |
| 10:11 | Improved Creature Attack |
| 11:18 | Temple of the Damned |
| 11:21 | Crypt Fiend |
| 11:21 | Crypt Fiend |
| 11:42 | Ziggurat |
| 11:44 | Ziggurat |
| 11:53 | Acolyte |
| 12:54 | Banshee |
| 12:56 | Banshee |
| 14:15 | Crypt Fiend |
| 14:15 | Crypt Fiend |
| 14:15 | Crypt Fiend |
| 14:17 | Banshee |
| 14:17 | Banshee |
| 14:18 | Banshee |
| 14:19 | Improved Creature Carapace |
| 14:21 | Black Citadel |
| 14:59 | Banshee Adept Training |
| 15:08 | Spirit Tower |
| 15:59 | Spirit Tower |
| 16:42 | Sleep |
| 16:58 | Sacrificial Pit |
| 17:02 | Slaughterhouse |
| 17:49 | Advanced Creature Attack |
| 20:29 | Crypt Fiend |
| 20:30 | Crypt Fiend |
| 20:30 | Crypt Fiend |
| 20:30 | Crypt Fiend |
| 20:30 | Crypt Fiend |
| 20:30 | Crypt Fiend |
| 21:46 | Gargoyle |
| 21:46 | Gargoyle |
| 21:46 | Gargoyle |
| 21:46 | Gargoyle |
| 21:46 | Gargoyle |
| 21:47 | Gargoyle |
| 21:47 | Gargoyle |
| 21:49 | Gargoyle |
| 21:50 | Gargoyle |
| 21:50 | Gargoyle |
| 21:50 | Gargoyle |
| 21:50 | Gargoyle |
| 21:50 | Gargoyle |
| 21:50 | Gargoyle |
| 21:51 | Gargoyle |
| 23:28 | Ziggurat |
| 23:30 | Ziggurat |
| 23:45 | Disease Cloud |
| 23:56 | Stone Form |
| 24:39 | Meat Wagon |
| 24:39 | Meat Wagon |
| 24:40 | Meat Wagon |
| 24:40 | Meat Wagon |
| 24:40 | Meat Wagon |
| 24:40 | Meat Wagon |
| 24:40 | Meat Wagon |
| 24:40 | Meat Wagon |
| 27:05 | Vampiric Aura |
| 27:59 | Unholy Strength |
| 28:10 | Boneyard |
| 28:42 | Gargoyle |
| 28:42 | Gargoyle |
| 28:42 | Gargoyle |
| 28:43 | Gargoyle |
| 30:17 | Crypt Fiend |
| 30:17 | Crypt Fiend |
| 30:17 | Crypt Fiend |
| 30:17 | Crypt Fiend |
| 30:20 | Frost Wyrm |
| 30:21 | Frost Wyrm |
| 30:21 | Frost Wyrm |
| 30:21 | Frost Wyrm |
| 31:03 | Meat Wagon |
| 31:05 | Meat Wagon |
| 31:12 | Gargoyle |
| 31:12 | Gargoyle |
| 31:33 | Ziggurat |
| 31:50 | Freezing Breath |
| 34:23 | Frost Wyrm |
| Right click | 936 |
| Select | 402 |
| Select group | 218 |
| Build/train/purchase | 125 |
| Assign group | 34 |
| Resource trade | 29 |
| Remove unit | 24 |
| Use ability | 12 |
| Esc | 1 |



| Scroll of Regeneration | 3 | 300 |
| Orb of Fire | 2 | 650 |
| Potion of Healing | 2 | 300 |
| Scroll of Town Portal | 1 | 350 |
| Potion of Lesser Invulnerability | 1 | 150 |
| Boots of Speed | 1 | 250 |
| total: | 10 | 2000g |
| Peasant | 17 | 1275 | / | 0 |
| Footman | 7 | 945 | / | 0 |
| Gryphon Rider | 16 | 4480 | / | 1120 |
| Knight | 11 | 2695 | / | 660 |
| Goblin Shredder | 1 | 375 | / | 100 |
| Rogue | 1 | 150 | / | 0 |
| Assassin | 1 | 250 | / | 30 |
| Forest Troll High Priest | 1 | 305 | / | 40 |
| total: | 55 | 10475g | / | 1950w |
| Scout Tower | 8 | 240 | / | 160 |
| Guard Tower | 2 | 140 | / | 100 |
| Altar of Kings | 1 | 180 | / | 50 |
| Farm | 13 | 1040 | / | 260 |
| Barracks | 2 | 320 | / | 120 |
| Town Hall | 3 | 1155 | / | 615 |
| Lumber Mill | 1 | 120 | / | 0 |
| Arcane Vault | 2 | 260 | / | 60 |
| Blacksmith | 1 | 140 | / | 60 |
| Gryphon Aviary | 3 | 420 | / | 450 |
| Keep | 1 | 320 | / | 210 |
| Castle | 1 | 360 | / | 210 |
| total: | 34 | 3875g | / | 1775w |
| 0:04 | Peasant |
| 0:04 | Peasant |
| 0:07 | Altar of Kings |
| 0:10 | Farm |
| 0:27 | Peasant |
| 0:35 | Barracks |
| 0:39 | Farm |
| 0:44 | Peasant |
| 0:54 | Peasant |
| 1:23 | Peasant |
| 1:27 | Farm |
| 1:35 | Peasant |
| 1:36 | Footman |
| 1:47 | Footman |
| 1:51 | Peasant |
| 2:07 | Peasant |
| 2:13 | Summon Water Elemental |
| 2:23 | Footman |
| 2:26 | Peasant |
| 2:30 | Farm |
| 2:40 | Footman |
| 3:03 | Footman |
| 3:33 | Brilliance Aura |
| 3:52 | Town Hall |
| 3:59 | Scout Tower |
| 4:03 | Scout Tower |
| 4:04 | Scout Tower |
| 4:21 | Keep |
| 5:23 | Goblin Shredder |
| 5:33 | Lumber Mill |
| 5:37 | Footman |
| 5:37 | Footman |
| 6:44 | Barracks |
| 6:46 | Castle |
| 7:00 | Rogue |
| 7:01 | Assassin |
| 7:17 | Summon Water Elemental |
| 7:27 | Farm |
| 7:29 | Arcane Vault |
| 7:49 | Forest Troll High Priest |
| 7:56 | Farm |
| 7:59 | Farm |
| 8:00 | Farm |
| 8:09 | Storm Bolt |
| 8:13 | Blacksmith |
| 8:21 | Gryphon Aviary |
| 8:37 | Scroll of Regeneration |
| 8:44 | Gryphon Aviary |
| 9:01 | Improved Lumber Harvesting |
| 9:02 | Improved Masonry |
| 9:08 | Guard Tower |
| 9:12 | Farm |
| 9:15 | Farm |
| 9:16 | Farm |
| 9:16 | Farm |
| 9:17 | Farm |
| 9:24 | Orb of Fire |
| 9:24 | Potion of Healing |
| 9:32 | Animal War Training |
| 9:33 | Sundering Blades |
| 9:40 | Gryphon Aviary |
| 9:42 | Gryphon Rider |
| 9:43 | Gryphon Rider |
| 10:03 | Iron Forged Swords |
| 10:04 | Studded Leather Armor |
| 10:44 | Knight |
| 10:44 | Gryphon Rider |
| 11:13 | Holy Light |
| 11:25 | Gryphon Rider |
| 11:30 | Storm Hammers |
| 12:28 | Scroll of Regeneration |
| 12:29 | Scroll of Regeneration |
| 12:30 | Orb of Fire |
| 12:30 | Potion of Healing |
| 12:41 | Steel Forged Swords |
| 12:42 | Reinforced Leather Armor |
| 13:28 | Advanced Lumber Harvesting |
| 13:29 | Advanced Masonry |
| 13:47 | Scroll of Town Portal |
| 14:07 | Gryphon Rider |
| 14:36 | Brilliance Aura |
| 14:59 | Knight |
| 15:53 | Knight |
| 15:57 | Mithril Forged Swords |
| 16:17 | Gryphon Rider |
| 16:37 | Knight |
| 16:41 | Knight |
| 16:53 | Imbued Masonry |
| 17:35 | Iron Plating |
| 17:40 | Knight |
| 19:06 | Gryphon Rider |
| 19:29 | Town Hall |
| 20:57 | Gryphon Rider |
| 21:23 | Bash |
| 21:59 | Storm Bolt |
| 22:02 | Knight |
| 22:03 | Gryphon Rider |
| 23:31 | Potion of Lesser Invulnerability |
| 23:32 | Boots of Speed |
| 25:06 | Gryphon Rider |
| 26:01 | Gryphon Rider |
| 26:04 | Summon Water Elemental |
| 26:25 | Knight |
| 26:25 | Gryphon Rider |
| 27:12 | Scout Tower |
| 27:17 | Scout Tower |
| 27:29 | Scout Tower |
| 27:31 | Scout Tower |
| 27:37 | Scout Tower |
| 28:15 | Guard Tower |
| 28:55 | Town Hall |
| 29:21 | Knight |
| 30:18 | Knight |
| 30:20 | Gryphon Rider |
| 30:20 | Gryphon Rider |
| 30:47 | Knight |
| 30:48 | Gryphon Rider |
| 31:42 | Thunder Clap |
| 32:19 | Peasant |
| 32:19 | Peasant |
| 32:19 | Peasant |
| 33:12 | Divine Shield |
| 33:23 | Peasant |
| 33:35 | Gryphon Rider |
| 34:18 | Peasant |
| 34:18 | Peasant |
| 34:18 | Peasant |
| 35:26 | Dragonhide Armor |
| 35:26 | Steel Plating |
| 35:32 | Arcane Vault |
| Right click | 2095 |
| Assign group | 726 |
| Select | 515 |
| Select group | 249 |
| Build/train/purchase | 146 |
| Misc. action | 68 |
| Use ability | 39 |
| Minimap ping | 37 |
| Resource trade | 6 |
| Item give/drop | 4 |
| Remove unit | 3 |


| Scroll of Regeneration | 5 | 500 |
| Potion of Healing | 1 | 150 |
| Potion of Mana | 2 | 400 |
| Scroll of Town Portal | 3 | 1050 |
| Boots of Speed | 1 | 250 |
| total: | 12 | 2350g |
| Peasant | 11 | 825 | / | 0 |
| Rifleman | 8 | 1640 | / | 240 |
| Dragonhawk Rider | 7 | 1400 | / | 210 |
| Gryphon Rider | 9 | 2520 | / | 630 |
| Goblin Shredder | 1 | 375 | / | 100 |
| total: | 36 | 6760g | / | 1180w |
| Scout Tower | 1 | 30 | / | 20 |
| Arcane Tower | 1 | 70 | / | 50 |
| Altar of Kings | 1 | 180 | / | 50 |
| Barracks | 1 | 160 | / | 60 |
| Farm | 14 | 1120 | / | 280 |
| Blacksmith | 1 | 140 | / | 60 |
| Arcane Vault | 1 | 130 | / | 30 |
| Town Hall | 2 | 770 | / | 410 |
| Lumber Mill | 1 | 120 | / | 0 |
| Gryphon Aviary | 5 | 700 | / | 750 |
| Workshop | 1 | 140 | / | 140 |
| Keep | 1 | 320 | / | 210 |
| Castle | 1 | 360 | / | 210 |
| total: | 28 | 3490g | / | 1800w |
| 0:02 | Peasant |
| 0:03 | Peasant |
| 0:06 | Altar of Kings |
| 0:10 | Barracks |
| 0:15 | Farm |
| 0:33 | Peasant |
| 0:48 | Peasant |
| 1:05 | Peasant |
| 1:29 | Blacksmith |
| 1:40 | Scout Tower |
| 1:52 | Peasant |
| 1:52 | Peasant |
| 2:07 | Arcane Tower |
| 2:14 | Peasant |
| 2:25 | Farm |
| 2:45 | Black Gunpowder |
| 3:01 | Rifleman |
| 3:05 | Farm |
| 3:24 | Rifleman |
| 3:38 | Holy Light |
| 3:42 | Keep |
| 3:58 | Rifleman |
| 4:09 | Farm |
| 4:11 | Farm |
| 4:32 | Rifleman |
| 4:44 | Farm |
| 4:46 | Devotion Aura |
| 5:07 | Rifleman |
| 5:14 | Farm |
| 5:40 | Boots of Speed |
| 5:56 | Rifleman |
| 6:42 | Arcane Vault |
| 6:44 | Rifleman |
| 6:44 | Long Rifles |
| 7:14 | Scroll of Regeneration |
| 7:43 | Scroll of Town Portal |
| 7:48 | Storm Bolt |
| 8:12 | Refined Gunpowder |
| 8:28 | Devotion Aura |
| 9:05 | Bash |
| 9:37 | Potion of Healing |
| 9:52 | Town Hall |
| 10:02 | Lumber Mill |
| 10:09 | Castle |
| 10:11 | Rifleman |
| 10:51 | Studded Leather Armor |
| 10:55 | Improved Lumber Harvesting |
| 12:09 | Peasant |
| 12:10 | Peasant |
| 12:10 | Peasant |
| 13:06 | Divine Shield |
| 13:26 | Gryphon Aviary |
| 13:27 | Imbued Gunpowder |
| 13:28 | Reinforced Leather Armor |
| 14:00 | Advanced Lumber Harvesting |
| 14:21 | Scroll of Regeneration |
| 14:31 | Potion of Mana |
| 14:33 | Scroll of Town Portal |
| 15:49 | Storm Bolt |
| 15:54 | Scroll of Regeneration |
| 15:56 | Scroll of Town Portal |
| 15:59 | Cloud |
| 16:00 | Dragonhawk Rider |
| 16:09 | Gryphon Aviary |
| 16:12 | Gryphon Aviary |
| 16:13 | Gryphon Aviary |
| 16:16 | Farm |
| 16:18 | Farm |
| 16:21 | Farm |
| 16:22 | Farm |
| 16:26 | Iron Forged Swords |
| 16:29 | Dragonhide Armor |
| 16:41 | Farm |
| 16:45 | Farm |
| 17:00 | Goblin Shredder |
| 17:11 | Improved Masonry |
| 17:15 | Storm Hammers |
| 18:04 | Gryphon Rider |
| 18:05 | Gryphon Rider |
| 18:44 | Dragonhawk Rider |
| 18:44 | Gryphon Rider |
| 18:50 | Steel Forged Swords |
| 19:32 | Gryphon Rider |
| 19:40 | Farm |
| 20:18 | Gryphon Rider |
| 20:22 | Mithril Forged Swords |
| 20:39 | Animal War Training |
| 21:41 | Dragonhawk Rider |
| 23:19 | Dragonhawk Rider |
| 23:42 | Scroll of Regeneration |
| 24:48 | Dragonhawk Rider |
| 24:49 | Dragonhawk Rider |
| 26:53 | Gryphon Rider |
| 26:56 | Gryphon Rider |
| 27:38 | Gryphon Aviary |
| 28:09 | Dragonhawk Rider |
| 28:35 | Potion of Mana |
| 28:47 | Gryphon Rider |
| 29:39 | Gryphon Rider |
| 32:03 | Bash |
| 32:27 | Holy Light |
| 32:37 | Scroll of Regeneration |
| 33:18 | Workshop |
| 35:38 | Town Hall |
| Select | 475 |
| Right click | 353 |
| Select group | 346 |
| Misc. action | 136 |
| Build/train/purchase | 99 |
| Use ability | 72 |
| Assign group | 35 |
| Esc | 8 |
| Item give/drop | 4 |
| Minimap ping | 3 |
| Remove unit | 1 |
⇛